 Dungeon Crawl Stone Soup version 0.30-a0-782-ge64f9170bb (webtiles) character file.

Game seed: 16340537862693065029

1858002 etoheto the Conqueror (level 25, 257/257 HPs)
             Began as a Minotaur Berserker on Mar 5, 2023.
             Was a High Priest of Trog.
             Escaped with the Orb
             ... and 3 runes on Mar 6, 2023!
             The game lasted 03:30:54 (54943 turns).

etoheto the Conqueror (Minotaur Berserker)         Turns: 54943, Time: 03:30:55

Health: 257/257    AC: 33    Str: 36    XL:     25   Next: 73%
Magic:  7/7        EV: 28    Int: 17    God:    Trog [*****.]
Gold:   3482       SH: 25    Dex: 15    Spells: 24/24 levels left

rFire   + + .      SeeInvis +    T - +9 broad axe (antimagic)
rCold   + + .      Faith    .    E - +3 kite shield of Exclusion {Harm rC+ Str+2 SInv}
rNeg    + + .      Spirit   .    N - +1 pearl dragon scales "Siczun" {rN+ Int+5 Slay+3, rN+}
rPois   +          Reflect  +    M - -2 hat of the Alchemist {rElec rPois rF+ rC+ rN+ Will+ rMut rCorr}
rElec   +          Harm     +    f - +2 cloak {rCorr} {rCorr}
rCorr   +          Rampage  +    u - +2 pair of gloves {Dex+3} {Dex+3}
rMut    +                        X - +2 pair of boots {rampage}
Will    +++++                    y - amulet "Suiti" {Reflect rF+ Str+3 SH+5} Stlth
                                 i - ring of Wunen {Drain Will+++ EV+5 Int+5 Slay-4}
HPRegen 0.62/turn                Y - +7 ring of slaying
MPRegen 0.10/turn

@: studying Ranged Weapons
A: horns 2, retaliatory headbutt, mutation resistance 1, strong 1
0: Orb of Zot
}: 3/15 runes: decaying, silver, gossamer
a: Renounce Religion, Berserk, Trog's Hand, Brothers in Arms


You escaped.
You worshipped Trog.
Trog was extremely pleased with you.
You visited 9 branches of the dungeon, and saw 47 of its levels.
You also visited: Trove, Gauntlet, Ice Cave, Volcano and Wizlab.

You collected 11863 gold pieces.
You spent 8381 gold pieces at shops.


Innate Abilities, Weirdness & Mutations

You have a pair of horns on your head.
You reflexively headbutt those who attack you in melee.
You are somewhat resistant to further mutation.
Your muscles are strong. (Str +4, Int/Dex -1)


   Skills:
 O Level 27 Fighting
 - Level 18.0 Axes
 O Level 27 Armour
 + Level 24.3 Dodging
 + Level 25.3 Shields
 - Level 12.0 Evocations


You had 24 spell levels left.
You didn't know any spells.
Your spell library was empty.

Inventory:

Hand Weapons
 L - a +2 executioner's axe
 O - a +5 broad axe of draining
 T - a +9 antimagic broad axe (weapon)
Armour
 f - a +2 cloak of preservation (worn) {rCorr}
 u - a +2 pair of gloves of dexterity (worn) {Dex+3}
 E - the +3 kite shield of Exclusion (worn) {Harm rC+ Str+2 SInv}
   (You acquired it on level 4 of the Depths)

   Str:       It affects your strength (+2).
   rC:        It protects you from cold.
   SInv:      It lets you see invisible.
   Harm:      It increases damage dealt and taken.
 M - the -2 hat of the Alchemist (worn) {rElec rPois rF+ rC+ rN+ Will+ rMut rCorr}
   (You found it in a wizard's laboratory)

   rF:        It protects you from fire.
   rC:        It protects you from cold.
   rElec:     It insulates you from electricity.
   rPois:     It protects you from poison.
   rN:        It protects you from negative energy.
   rCorr:     It protects you from acid and corrosion.
   rMut:      It protects you from mutation.
   Will:      It increases your willpower.
 N - the +1 pearl dragon scales "Siczun" (worn) {rN+ Int+5 Slay+3, rN+}
   (You bought it in a shop on level 4 of the Dungeon)

   Int:       It affects your intelligence (+5).
   Slay:      It affects your accuracy & damage with ranged weapons and melee
   (+3).
   rN:        It protects you from negative energy.
 X - a +2 pair of boots of rampaging (worn)
Jewellery
 i - the ring of Wunen (left hand) {Drain Will+++ EV+5 Int+5 Slay-4}
   (You bought it in a shop on level 2 of the Orcish Mines)

   [ring of evasion]

   EV:        It affects your evasion (+5).
   Int:       It affects your intelligence (+5).
   Slay:      It affects your accuracy & damage with ranged weapons and melee
   (-4).
   Drain:     It drains your maximum health when unequipped.
   Will:      It greatly increases your willpower.
 y - the amulet "Suiti" (around neck) {Reflect rF+ Str+3 SH+5}
   (You found it in a treasure trove)

   [amulet of reflection]

   It reflects blocked missile attacks.
   Str:       It affects your strength (+3).
   rF:        It protects you from fire.
   SH:        It affects your SH (+5).
 A - an amulet of the acrobat
 F - the ring "Fesio" {rPois Will- AC+4 Str+6 Dex+4}
   (You found it on level 3 of the Realm of Zot)

   [ring of protection]

   AC:        It affects your AC (+4).
   Str:       It affects your strength (+6).
   Dex:       It affects your dexterity (+4).
   rPois:     It protects you from poison.
   Will:      It decreases your willpower.
 K - the ring "Seghum" {rElec rCorr Int-2 Dex+3 SInv}
   (You bought it in a shop on level 5 of the Dungeon)

   [ring of see invisible]

   Int:       It affects your intelligence (-2).
   Dex:       It affects your dexterity (+3).
   rElec:     It insulates you from electricity.
   SInv:      It lets you see invisible.
   rCorr:     It protects you from acid and corrosion.
 S - a +6 ring of intelligence
 Y - a +7 ring of slaying (right hand)
Wands
 b - a wand of mindburst (44)
 w - a wand of light (34)
 D - a wand of digging (6)
 W - a wand of roots (20)
Scrolls
 a - 12 scrolls of immolation {!r}
 c - 12 scrolls of poison {!r}
 g - 11 scrolls of fear {!r}
 k - a scroll of brand weapon
 o - 11 scrolls of enchant weapon
 t - 21 scrolls of teleportation {!r}
 z - 10 scrolls of fog
 B - 9 scrolls of blinking {!r}
 P - 5 scrolls of silence {!r}
 R - 2 scrolls of summoning {!r}
 Z - 9 scrolls of magic mapping {!r}
Potions
 d - 3 potions of might {!q}
 e - 7 potions of ambrosia {!q}
 h - 4 potions of haste {!q}
 j - 6 potions of flight
 l - 8 potions of heal wounds {!q@q1}
 n - 5 potions of resistance {!q}
 p - 4 potions of cancellation {!q}
 q - 14 potions of curing {@q2}
 r - 4 potions of berserk rage {!q}
 s - 15 potions of attraction {!q}
 x - 25 potions of mutation {!q!q}
 H - 10 potions of lignification {!q!q}
 J - 4 potions of invisibility {!q}
Miscellaneous
 m - a lightning rod (4/4)
 v - a phantom mirror
 C - a condenser vane
 I - a box of beasts
 Q - a tin of tremorstones (2/2)
 U - a piece from Xom's chessboard (15/15)
 V - a phial of floods

Dungeon Overview and Level Annotations

Branches:
Dungeon (15/15)            Temple (0/1) D:5            Lair (5/5) D:10
  Swamp (4/4) Lair:2       Spider (4/4) Lair:3        Slime (0/5) Lair:5
    Orc (2/2) D:12            Elf (0/3) Orc:2        Vaults (5/5) D:14
  Crypt (3/3) Vaults:2       Tomb (0/3) Crypt:3      Depths (4/4) D:15
    Zot (5/5) Depths:4      IceCv (visited)         Volcano (visited)
 WizLab (visited)         Gauntlet (visited)

Altars:
Ashenzari
Elyvilon
Fedhas
Gozag
Hepliaklqana
Makhleb
Nemelex Xobeh
Ru
Sif Muna
Wu Jian
Zin
The Shining One
Jiyva
Lugonu

Shops:
D:2 [   D:4 [   D:5 =   D:11 !(*(*   D:13 !   D:15 (   Orc:2 *!(**?!
Vaults:1 *[*   Vaults:2 (   Vaults:3 [[   Vaults:4 :(   Zot:2 *

Portals:
Hell: Depths:1 Depths:2 Depths:3 Depths:4
Abyss: Lair:5 Vaults:1 Depths:2 Depths:3
Pandemonium: Depths:2
Ziggurat: Depths:2

Annotations:
Zot:1 15 runed doors

#..####..........
#######.......#.###..
##.....#####...#.##...
##..#.#....#####.......
###..####.........#######
#...## ###...##...###...
#...#####......###..#.#.#
#....##....###..##..###.#
##......@.## ###.....##.#
##..#....# ###..###.#
#...##### ##.# #.# ##.##
#.###.# ###
##########.....#
#.##............
#.............##
##..###......#...
#...##..##...###.


There were no monsters in sight!


Message History

(V) Vaults (C) Crypt (W) Tomb (U) Depths (H) Hell (Z) Zot
Where to? (Enter - D:1, ? - help)
You climb upwards.
There is a stone staircase leading down here.
You enter the shallow water.
Moving in this stuff is going to be slow.
There is a stone staircase leading up here.
You climb upwards.
There is a stone staircase leading down here.
Things that are here:
a +0 ring mail; a +0 hand axe You see here a +0 trident.
There is a stone staircase leading up here.
You climb upwards.
There is a stone staircase leading down here.
Your extra speed is starting to run out.
You feel yourself slow down.
There is a stone staircase leading up here.
You climb upwards.
There is a stone staircase leading down here.
There is a stone staircase leading up here.
You climb upwards.
There is a stone staircase leading down here.
You see here a +0 hand axe.
There is a stone staircase leading up here.
You climb upwards.
There is a stone staircase leading down here.
There is a staircase leading out of the dungeon here.
You have escaped!

Skill      XL: |  1  2  3  4  5  6  7  8  9 10 11 12 13 14 15 16 17 18 19 20 21 22 23 24 25 |
---------------+----------------------------------------------------------------------------+-----
Axes           | 4 5 6 7 8 11 13 15 16 17 18 | 18.0
Fighting       | 4 5 6 8 10 11 13 14 15 18 20 24 25 27 | 27.0
Shields        | 1 3 4 5 9 12 13 16 22 23 25 | 25.3
Armour         | 3 6 9 10 13 15 16 18 20 23 26 27 | 27.0
Evocations     | 4 7 8 9 11 12 | 12.0
Dodging        | 8 12 13 14 16 18 19 22 24 | 24.3

Action                     |  1- 3 |  4- 6 |  7- 9 | 10-12 | 13-15 | 16-18 | 19-21 | 22-24 | 25-27 || total
---------------------------+-------+-------+-------+-------+-------+-------+-------+-------+-------++-------
  Melee: Hand axe          |    77 |   101 |       |       |       |       |       |       |       ||   178
         Headbutt          |     9 |    15 |    33 |   102 |   263 |   339 |   377 |   446 |    79 ||  1663
         War axe           |       |     5 |   243 |   295 |       |       |       |       |       ||   543
         Broad axe         |       |       |       |   162 |  1048 |  1087 |  1226 |  1268 |   226 ||  5017
 Invoke: Berserk           |     1 |     2 |     3 |     3 |     1 |     3 |     4 |     1 |     1 ||    19
         Trog's Hand       |       |     1 |       |     3 |     1 |     3 |    10 |     9 |     5 ||    32
         Brothers in Arms  |       |       |       |     1 |     3 |     2 |     8 |     4 |     2 ||    20
  Evoke: Wand              |       |       |       |     8 |    16 |     2 |    12 |       |       ||    38
         Lightning rod     |       |       |       |       |     4 |     1 |     8 |       |       ||    13
         Box of beasts     |       |       |       |       |       |     2 |     5 |       |       ||     7
         Phial of floods   |       |       |       |       |       |       |     2 |     1 |     1 ||     4
         Phantom mirror    |       |       |       |       |       |       |     1 |       |       ||     1
         Tin of tremorston |       |       |       |       |       |       |       |       |     2 ||     2
         Condenser vane    |       |       |       |       |       |       |       |       |     1 ||     1
    Use: Scroll            |     2 |     4 |     8 |    15 |    10 |     5 |    10 |     6 |     4 ||    64
         Potion            |       |       |       |    10 |     7 |     4 |     7 |     9 |     5 ||    42
   Stab: Sleeping          |       |       |       |     1 |       |       |       |       |       ||     1
         Distracted        |       |       |       |       |     1 |       |     1 |     1 |       ||     3
         Confused          |       |       |       |       |       |     2 |       |       |       ||     2
         Paralysed         |       |       |       |       |       |       |     1 |       |       ||     1
 Armour: Animal skin       |     9 |       |       |       |       |       |       |       |       ||     9
         Leather armour    |     6 |    30 |    78 |    95 |       |       |       |       |       ||   209
         Gold dragon scale |       |       |       |   117 |   545 |       |       |       |       ||   662
         Plate armour      |       |       |       |    12 |    57 |       |       |       |       ||    69
         Pearl dragon scal |       |       |       |       |    20 |   385 |   312 |   188 |    71 ||   976
  Dodge: Dodged            |    26 |    51 |    79 |   153 |   163 |   513 |   429 |   412 |   124 ||  1950
  Block: Kite shield       |    14 |    35 |   123 |   237 |   509 |   836 |   984 |   861 |   234 ||  3833
         Reflection        |       |       |       |       |     4 |    25 |    63 |    17 |    12 ||   121

Levels and vault maps discovered:
D:1:      dpeg_arrival_round_c, layout_rooms, skrybe_limestone_x,
          minmay_pentomino_p2
D:2:      layout_basic, basic_altar, serial_shops, nicolae_shop_stone,
          shapermc_ecumenical_altar_mp_highgroup, uniq_jessica
D:3:      kennysheep_six_static_rooms, layout_rooms,
          ebering_ghost_reflecting_pool, uniq_terence, uniq_sigmund
D:4:      layout_basic, kennysheep_doodads, kennysheep_big_empty_room,
          nicolae_shop_dragon_depot, nrook_mini_backslash, uniq_blork_the_orc
D:5:      layout_basic, minmay_temple_entry_ruins, nicolae_shop_unique_rings,
          serial_bayou_pond_e
D:6:      layout_rooms, nicolae_hepliaklqana_monster_ancestors,
          elyvilon_altar_5, chequers_serial_rivers_small_a,
          uniq_crazy_yiuf_cottage
D:7:      layout_loops_corners, nicolae_overflow_hallway_of_the_gods,
          nicolae_benzene_ring, feat_on_display, uniq_menkaure
D:8:      layout_loops_ring
D:9:      layout_rooms, ebering_ghost_gozag, serial_bayou_crossing, uniq_harold
D:10:     layout_small_grid, kennysheep_mini, lemuel_doored_altar,
          erik_lair_island, nicolae_two_hexagons, library_closet,
          nicolae_figureground_sparkle
D:11:     layout_grid_maze, enter_trove_6, serial_shops,
          nicolae_inconvenience_store, kennysheep_little_box,
          nicolae_stop_n_shop_1, nicolae_stop_n_shop_2, shop,
          nzn_wu_jian_contemplation
D:12:     layout_basic, kennysheep_orc_monster_closet_entryway, uniq_jorgrun,
          uniq_azrael
D:13:     layout_irregular_city, serial_shops, nicolae_shop_window_shopping
D:14:     layout_irregular_city, david_vaults_1, minmay_misc_feat_diagonals
D:15:     grunt_enter_depths_giant_problem, layout_irregular_city,
          minmay_misc_feat_cross, serial_shops, nicolae_shop_waterfront,
          minmay_radiant, uniq_kirke, uniq_josephine
Lair:1:   gammafunk_cloud_chamber, layout_misc_corridors,
          ebering_ghost_reflecting_pool, roderic_batcave, grunt_megastairs_3,
          uniq_erica, uniq_urug
Lair:2:   layout_hall_layers, minmay_swamp_entry_swarm, gauntlet_entry_generic,
          chequers_serial_rivers_micro_a, pdpol_lair_cabin_in_the_woods
Lair:3:   layout_roguey, nicolae_spider_entry_non_spiders,
          chequers_serial_rivers_room_a, uniq_gastronok
Lair:4:   layout_layer_cave, portal_ice_cave_demonic_guard, worms_lemuel
Lair:5:   hellmonk_lair_end_abyssal_woods, layout_loops_ring,
          nicolae_slime_entry_slimehenge, nicolae_volcano_entry_s_turn,
          lemuel_fruit_tree
Swamp:1:  layout_basic_swamp, infiniplex_staircase_pool
Swamp:2:  layout_basic_swamp, evilmike_swamp_ruin_rubble_2
Swamp:3:  layout_falls_marsh, evilmike_swamp_ruin_house_5, swamp_pool5,
          nicolae_swamp_round_clearing, nicolae_swamp_triple_paths,
          uniq_bai_suzhen, uniq_donald
Swamp:4:  swamp_basic_johnstein, layout_basic_swamp, swamp_pool2,
          nicolae_swamp_nymph_family_reunion
Spider:1: layout_chambers
Spider:2: layout_spider_delve, nicolae_spider_swamp_cousins
Spider:3: layout_spider_delve, uniq_arachne, uniq_mara, uniq_agnes
Spider:4: floodkiller_spider_rune_tomb
Orc:1:    nicolae_orc_accident_1, layout_diamond_mine
Orc:2:    st_orc_elflike, layout_caves, serial_shops, nicolae_shop_trees, shop,
          nicolae_shop_crystal, nicolae_shop_behind_doors, mines2_david
Vaults:1: gammafunk_ghost_abyssal_escape, nicolae_vaults_network_s,
          vaults_room_mumra_shop_pool, nicolae_vaults_arrows, v_misc_24,
          ontoclasm_vaults_claustrophobia, ontoclasm_vaults_ligature,
          nicolae_vaults_lopsided_apartments, v_rooms_5,
          nicolae_vaults_mini_display_case, nicolae_vaults_little_squares_3,
          grunt_vaults_hallway_short, dpeg_vaults_monster_box, v_alt_pattern_2,
          layout_vaults_omnibox, serial_shops, nicolae_shop_behind_doors,
          nicolae_shop_waterfront
Vaults:2: ontoclasm_vaults_gateway, nicolae_vaults_triangles, vaults_room_boxed,
          vaults_mumra_chevron_long, hangedman_vaults_hat,
          nicolae_vaults_little_squares_4, vaults_room_corners,
          layout_vaults_big_room, dummy_crypt_entry, serial_shops,
          nicolae_shop_behind_doors, uniq_aizul
Vaults:3: hangedman_vaults_stitches, v_rooms_4, nicolae_vaults_specimen_jars,
          st_more_cells, vaults_room_grid, v_alt_pattern_6,
          hangedman_vaults_stretched_pinwheel, layout_vaults_ring, serial_shops,
          nicolae_shop_temple_entry_statues_fountains, shop
Vaults:4: vaults_room_corners, v_misc_29, v_misc_3, dpeg_vaults_monster_row,
          hangedman_vaults_maws, nicolae_vaults_stairing_the_circle,
          ontoclasm_vaults_fault, hangedman_vaults_stretched_pinwheel,
          nicolae_vaults_little_squares_2, vaults_room_hallway,
          grunt_vaults_hallway_short, layout_vaults_omnicross, serial_shops,
          shop, nicolae_shop_waterfront
Vaults:5
Crypt:1:  layout_basic, grunt_ministairs_14, grunt_crypt_arrival_webbed,
          grunt_megastairs_5, uniq_grunn
Crypt:2:  gammafunk_sealed_arena, layout_basic
Crypt:3:  david_glass_crypt, layout_chaotic_city, mu_enter_wizlab_7, uniq_jory
Depths:1: layout_cave_pools, hell_entry, corexii_corridor_pit,
          nicolae_concentric_dashed_squares_wild, kennysheep_generic_room_7,
          uniq_asterion, uniq_enchantress
Depths:2: kennysheep_big_flooded_room, layout_basic, enter_ziggurat_b,
          abyss_entry_glasseish, fedhas_altar_3, pf_hell_entry_tar_river,
          rand_demon_pan_entry_4, dk_noncrumbling_3, minmay_staircase_bubble,
          uniq_sojobo
Depths:3: minmay_cut_squares, layout_gridlike, serial_sigils_hangedman_leer,
          hell_entry, abyss_entry, uniq_boris
Depths:4: grunt_zot_entry_alcove, layout_cave_shapes, grunt_hell_horde,
          minmay_misc_feat_iff, grunt_megastairs_4
Zot:1:    layout_onion_interference, st_stairs_6, grunt_ministairs_9,
          not_door_vault_mu
Zot:2:    layout_cathedral_of_symmetry, nicolae_shop_clearance
Zot:3:    gammafunk_its_a_trap, layout_gridlike
Zot:4:    layout_basic
Zot:5:    layout_basic, hellmonk_ghost_big_iron

Notes
Turn   | Place    | Note
-------+----------+-------------------------------------------
     0 | D:1      | etoheto the Minotaur Berserker began the quest for the Orb.
     0 | D:1      | Reached XP level 1. HP: 19/19 MP: 0/0
   123 | D:1      | Reached skill level 4 in Axes
   140 | D:1      | Reached XP level 2. HP: 22/27 MP: 1/1
   286 | D:1      | Reached skill level 4 in Fighting
   518 | D:1      | Reached XP level 3. HP: 14/33 MP: 2/2
   620 | D:2      | Found Keim's Armour Shoppe.
   637 | D:2      | Noticed Jessica
   644 | D:2      | Killed Jessica
   645 | D:2      | Reached skill level 1 in Shields
   645 | D:2      | Reached ** piety under Trog
   690 | D:2      | Identified the +2 leather armour "Baafid" {-Cast Dex+4}
   703 | D:2      | Identified 3 scrolls of identify
   703 | D:2      | Identified 3 potions of cancellation
   704 | D:2      | Identified a potion of flight
   731 | D:2      | Reached skill level 5 in Axes
   901 | D:2      | Reached XP level 4. HP: 29/41 MP: 3/3
   932 | D:2      | Identified a ring of wizardry
  1131 | D:2      | Found a glowing golden altar of the Shining One.
  1165 | D:2      | Found a faded altar of an unknown god.
  1489 | D:3      | Noticed Terence
  1497 | D:3      | Killed Terence
  1624 | D:3      | Reached skill level 2 in Shields
  1635 | D:3      | Noticed Sigmund
  1644 | D:3      | Killed Sigmund
  1645 | D:3      | Reached skill level 5 in Fighting
  1645 | D:3      | Reached skill level 6 in Axes
  1645 | D:3      | Reached skill level 3 in Shields
  1645 | D:3      | Reached XP level 5. HP: 48/48 MP: 4/4
  1645 | D:3      | Reached XP level 6. HP: 56/56 MP: 5/5
  1701 | D:3      | Identified 2 potions of lignification
  1702 | D:3      | Identified a potion of magic
  1740 | D:3      | Found a runed translucent door.
  1742 | D:3      | Noticed RatherSlowDeath's ghost (weakling NaTm)
  1840 | D:3      | Identified an amulet of regeneration
  1956 | D:3      | Identified a potion of attraction
  1957 | D:3      | Identified a potion of curing
  2011 | D:3      | Killed RatherSlowDeath's ghost
  2012 | D:3      | Reached skill level 7 in Axes
  2021 | D:3      | Identified the +1 robe of Usto {Int+4 Dex-4 SInv Stlth+}
  2265 | D:4      | Reached skill level 4 in Shields
  2265 | D:4      | Reached XP level 7. HP: 55/62 MP: 6/6
  2398 | D:4      | Reached skill level 6 in Fighting
  2402 | D:4      | Reached *** piety under Trog
  2639 | D:4      | Noticed Blork the orc
  2646 | D:4      | Killed Blork the orc
  2647 | D:4      | Reached skill level 8 in Axes
  2776 | D:4      | Found Tokoyo's Dragon-Slaying Spoils.
  2947 | D:5      | Entered Level 5 of the Dungeon
  2989 | D:5      | Found Feoxku's One-of-a-Kind Rings.
  3045 | D:5      | Found a staircase to the Ecumenical Temple.
  3061 | D:5      | Reached skill level 5 in Shields
  3247 | D:5      | Reached XP level 8. HP: 71/71 MP: 7/7
  3253 | D:5      | Reached skill level 9 in Axes
  3806 | D:6      | Found a white marble altar of Elyvilon.
  3817 | D:6      | Reached skill level 7 in Fighting
  3872 | D:5      | Identified 3 scrolls of fog
  3873 | D:5      | Identified 3 scrolls of blinking
  3874 | D:5      | Identified 4 scrolls of teleportation
  3950 | D:6      | Identified a potion of heal wounds
  3951 | D:6      | Identified 4 potions of mutation
  4049 | D:6      | Reached skill level 10 in Axes
  4077 | D:6      | Found a hazy altar of Hepliaklqana.
  4154 | D:6      | Found a runed translucent door.
  4155 | D:6      | Noticed Crazy Yiuf
  4160 | D:6      | Killed Crazy Yiuf
  4577 | D:7      | Noticed Menkaure
  4584 | D:7      | Killed Menkaure
  4585 | D:7      | Reached skill level 8 in Fighting
  4714 | D:7      | Identified a +6 ring of intelligence
  4824 | D:7      | Reached skill level 11 in Axes
  4831 | D:7      | Reached XP level 9. HP: 82/82 MP: 8/8
  4961 | D:7      | Found a sparkling altar of Nemelex Xobeh.
  4965 | D:7      | Found a blossoming altar of Fedhas.
  4975 | D:7      | Found a glowing silver altar of Zin.
  4977 | D:7      | Found a glowing golden altar of the Shining One.
  4978 | D:7      | Found a burning altar of Makhleb.
  4980 | D:7      | Found a broken altar of Ashenzari.
  4985 | D:7      | Found a shimmering blue altar of Sif Muna.
  5019 | D:7      | Reached **** piety under Trog
  5511 | D:8      | Noticed a two-headed ogre
  5528 | D:8      | Killed a two-headed ogre
  5529 | D:8      | Reached skill level 9 in Fighting
  5529 | D:8      | Reached skill level 12 in Axes
  5767 | D:8      | Reached skill level 13 in Axes
  5888 | D:8      | Identified a potion of degeneration
  5890 | D:8      | Identified a scroll of immolation
  5891 | D:8      | Identified a scroll of noise
  5990 | D:8      | Reached skill level 10 in Fighting
  6247 | D:9      | Noticed Harold
  6265 | D:9      | Killed Harold
  6266 | D:9      | Reached skill level 3 in Armour
  6266 | D:9      | Reached XP level 10. HP: 93/93 MP: 9/9
  6325 | D:9      | Reached skill level 14 in Axes
  6332 | D:9      | Reached skill level 4 in Armour
  6468 | D:9      | Identified an amulet of reflection
  6570 | D:9      | Found a runed translucent gate.
  6570 | D:9      | Found a runed translucent gate.
  6570 | D:9      | Found a runed translucent gate.
  6571 | D:9      | Found an opulent altar of Gozag.
  6571 | D:9      | Noticed an obsidian statue
  6571 | D:9      | Noticed etoheto's ghost (novice MiBe)
  6831 | D:9      | Killed etoheto's ghost
  6832 | D:9      | Reached skill level 11 in Fighting
  6832 | D:9      | Reached skill level 5 in Armour
  6881 | D:9      | Noticed a soul eater
  6882 | D:9      | Noticed an orange demon
  6892 | D:9      | Killed an obsidian statue
  6893 | D:9      | Reached skill level 15 in Axes
  6893 | D:9      | HP: 23/96 [poisoned by an orange demon]
  6898 | D:9      | HP: 16/96 [poisoned by an orange demon]
  6903 | D:9      | HP: 22/96 [poisoned by an orange demon]
  7088 | D:5      | Bought the ring "Seghum" {rElec rCorr Int-2 Dex+3 SInv} for
                  | 513 gold pieces
  7243 | D:10     | Entered Level 10 of the Dungeon
  7322 | D:10     | Reached skill level 6 in Armour
  7363 | D:10     | Reached XP level 11. HP: 102/102 MP: 10/10
  7395 | D:10     | Reached ***** piety under Trog
  7407 | D:10     | Found a staircase to the Lair.
  7510 | D:10     | Found a sacrificial altar of Ru.
  7649 | D:10     | Found an ornate altar of the Wu Jian Council.
  7734 | D:10     | Identified the +1 ring mail of the Cuttlefish {-Cast rElec
                  | Will+++ Dex-2}
  7961 | D:11     | Found Nuffer's Assorted Antiques.
  8135 | D:11     | Found Uroax's Weapon Boutique.
  8223 | D:11     | Found a portal to a secret trove of treasure.
  8232 | D:11     | Found Nianlo's Antique Weapon Emporium.
  8263 | D:11     | You fall into a shaft and drop 3 floors!
  8272 | D:14     | Identified 3 scrolls of fear
  8273 | D:14     | Identified a scroll of vulnerability
  8310 | D:14     | Identified a scroll of torment
  8354 | D:14     | Identified 5 scrolls of enchant weapon
  8355 | D:14     | Identified 4 scrolls of enchant armour
  8356 | D:14     | Identified 2 scrolls of poison
  8431 | D:14     | Noticed a tengu warrior
  8438 | D:14     | Reached skill level 16 in Axes
  8438 | D:14     | Reached skill level 7 in Armour
  8448 | D:14     | Reached skill level 12 in Fighting
  8467 | D:14     | Killed a tengu warrior
  8612 | D:12     | Reached skill level 8 in Armour
  8764 | D:12     | Reached skill level 1 in Evocations
  8897 | D:11     | Reached skill level 2 in Evocations
  8912 | D:11     | Noticed a boulder beetle
  8948 | D:11     | Killed a boulder beetle
  9043 | D:11     | Identified a ring of positive energy
  9052 | D:11     | Found Jiusys's Distillery.
  9125 | D:11     | Bought a potion of haste for 150 gold pieces
  9125 | D:11     | Identified a potion of might
  9126 | D:11     | Identified a scroll of acquirement
  9127 | D:11     | Acquired 835 gold pieces
  9345 | D:4      | Bought +0 gold dragon scales for 1040 gold pieces
  9642 | D:11     | Found Dikhlo Ruagu's Assorted Antiques.
  9648 | D:11     | Bought a shimmering pewter ring for 120 gold pieces
  9648 | D:11     | Identified the ring "Hiesesho" {Fly rCorr Str+2 Int-4
                  | Dex+6} (You bought it in a shop on level 11 of the Dungeon)
  9855 | D:11     | Reached skill level 3 in Evocations
  9855 | D:11     | Received a gift from Trog
  9861 | D:11     | Reached skill level 13 in Fighting
  9933 | Lair:1   | Entered Level 1 of the Lair of Beasts
  9942 | Lair:1   | Reached skill level 9 in Armour
  9992 | Lair:1   | Noticed Urug
 10006 | Lair:1   | Killed Urug
 10007 | Lair:1   | Reached skill level 4 in Evocations
 10007 | Lair:1   | Reached XP level 12. HP: 89/115 MP: 11/11
 10192 | Lair:1   | Noticed Erica
 10198 | Lair:1   | Killed Erica
 10199 | Lair:1   | Reached skill level 5 in Evocations
 10260 | Lair:1   | Found a transporter.
 10286 | Lair:1   | Found a runed translucent door.
 10290 | Lair:1   | Noticed pedritolo's ghost (journeyman DEHu)
 10367 | Lair:1   | Found a transporter.
 10531 | Lair:1   | Killed pedritolo's ghost
 10618 | Lair:1   | Gained mutation: You have a pair of large horns on your
                  | head. [potion of mutation]
 10619 | Lair:1   | Lost mutation: You have a pair of large horns on your head.
                  | [potion of mutation]
 10619 | Lair:1   | Gained mutation: Your system is resistant to poisons.
                  | (rPois) [potion of mutation]
 10619 | Lair:1   | Gained mutation: You are dopey. (Int -2) [potion of
                  | mutation]
 10619 | Lair:1   | Gained mutation: You are strong-willed. (Will+) [potion of
                  | mutation]
 10620 | Lair:1   | Lost mutation: You are strong-willed. (Will+) [potion of
                  | mutation]
 10620 | Lair:1   | Lost mutation: You are dopey. (Int -2) [potion of mutation]
 10620 | Lair:1   | Lost mutation: Your system is resistant to poisons. (rPois)
                  | [potion of mutation]
 10620 | Lair:1   | Gained mutation: You are weak. (Str -2) [potion of
                  | mutation]
 10620 | Lair:1   | Gained mutation: You are dopey. (Int -2) [potion of
                  | mutation]
 10620 | Lair:1   | Gained mutation: You have a somewhat thin skeletal
                  | structure. (Dex +2, Stealth+) [potion of mutation]
 10621 | Lair:1   | Lost mutation: You have a somewhat thin skeletal structure.
                  | (Dex +2, Stealth+) [potion of mutation]
 10621 | Lair:1   | Lost mutation: You are weak. (Str -2) [potion of mutation]
 10621 | Lair:1   | Lost mutation: You are dopey. (Int -2) [potion of mutation]
 10621 | Lair:1   | Gained mutation: You have sharp toenails. [potion of
                  | mutation]
 10622 | Lair:1   | Lost mutation: You have sharp toenails. [potion of
                  | mutation]
 10622 | Lair:1   | Gained mutation: You sometimes lose your temper in combat.
                  | [potion of mutation]
 10622 | Lair:1   | Gained mutation: You are vulnerable to heat. (rF-) [potion
                  | of mutation]
 10623 | Lair:1   | Lost mutation: You are vulnerable to heat. (rF-) [potion of
                  | mutation]
 10623 | Lair:1   | Lost mutation: You sometimes lose your temper in combat.
                  | [potion of mutation]
 10623 | Lair:1   | Gained mutation: You are somewhat resistant to further
                  | mutation. [potion of mutation]
 10623 | Lair:1   | Lost mutation: You are somewhat resistant to further
                  | mutation. [potion of mutation]
 10623 | Lair:1   | Gained mutation: Your spells are a little harder to cast,
                  | but a little more powerful. [potion of mutation]
 10668 | Lair:2   | Found a gate leading to a gauntlet.
 10683 | Lair:2   | Reached skill level 17 in Axes
 10683 | Lair:2   | Reached skill level 6 in Evocations
 10710 | Lair:2   | Found a staircase to the Swamp.
 10716 | Lair:2   | Reached skill level 10 in Armour
 10877 | Lair:2   | Identified a scroll of magic mapping
 10901 | Gauntlet | Entered a Gauntlet
 10901 | Gauntlet | Found a transporter.
 10904 | Gauntlet | Found a transporter.
 10908 | Gauntlet | Found a transporter.
 10915 | Gauntlet | Noticed a tengu warrior
 10916 | Gauntlet | Found a transporter.
 10920 | Gauntlet | Found a transporter.
 10931 | Gauntlet | Found a transporter.
 10932 | Gauntlet | Found a transporter.
 10940 | Gauntlet | Found a transporter.
 10945 | Gauntlet | Found a transporter.
 10953 | Gauntlet | Found a transporter.
 10973 | Gauntlet | Found a transporter.
 10985 | Gauntlet | Found a transporter.
 10998 | Gauntlet | Found a transporter.
 11011 | Gauntlet | Found a transporter.
 11195 | Gauntlet | Gained mutation: You are frail. (-10% HP) [a neqoxec]
 11196 | Gauntlet | Gained mutation: Your body sometimes deteriorates upon
                  | taking damage. [a neqoxec]
 11215 | Gauntlet | Lost mutation: You are frail. (-10% HP) [potion of
                  | mutation]
 11215 | Gauntlet | Lost mutation: Your body sometimes deteriorates upon taking
                  | damage. [potion of mutation]
 11215 | Gauntlet | Gained mutation: You are clumsy. (Dex -2) [potion of
                  | mutation]
 11227 | Gauntlet | Lost mutation: You are clumsy. (Dex -2) [potion of
                  | mutation]
 11227 | Gauntlet | Lost mutation: Your spells are a little harder to cast, but
                  | a little more powerful. [potion of mutation]
 11227 | Gauntlet | Gained mutation: You passively map a small area around you.
                  | [potion of mutation]
 11227 | Gauntlet | Gained mutation: You are weak. (Str -2) [potion of
                  | mutation]
 11244 | Gauntlet | Killed a tengu warrior
 11244 | Gauntlet | Received a gift from Trog
 11310 | Gauntlet | Reached skill level 14 in Fighting
 11310 | Gauntlet | Reached skill level 7 in Evocations
 11310 | Gauntlet | Reached XP level 13. HP: 33/124 MP: 12/12
 11313 | Gauntlet | HP: 31/124 [small abomination (10)]
 11436 | Gauntlet | Lost mutation: You passively map a small area around you.
                  | [potion of mutation]
 11436 | Gauntlet | Lost mutation: You are weak. (Str -2) [potion of mutation]
 11436 | Gauntlet | Gained mutation: You have sharp toenails. [potion of
                  | mutation]
 11436 | Gauntlet | Gained mutation: You expend magic power (3 MP) to
                  | strengthen your wands. [potion of mutation]
 11470 | Gauntlet | Identified an amulet of magic regeneration
 11470 | Gauntlet | Noticed a minotaur
 11481 | Gauntlet | Killed a minotaur
 11632 | Lair:2   | Found a runed translucent door.
 11632 | Lair:2   | Noticed a reaper
 11657 | Lair:2   | Killed a reaper
 11664 | Lair:2   | Identified the +0 ice dragon scales "Newnow" {rF- rC++
                  | Str+3 Int+2}
 11909 | Lair:3   | Reached skill level 18 in Axes
 11936 | Lair:3   | Found a hole to the Spider Nest.
 11992 | Lair:3   | Noticed Gastronok
 12006 | Lair:3   | Killed Gastronok
 12007 | Lair:3   | Reached skill level 11 in Armour
 12007 | Lair:3   | Reached skill level 8 in Evocations
 12680 | Lair:4   | Reached skill level 12 in Armour
 12687 | Lair:4   | Reached skill level 15 in Fighting
 12771 | Lair:4   | Identified the +1 leather armour of a treasure trove {Str+3
                  | Int+3 Dex-2}
 12778 | Lair:4   | Found a frozen archway.
 12798 | IceCv    | Entered an ice cave
 12908 | IceCv    | Received a gift from Trog
 13294 | IceCv    | Reached skill level 13 in Armour
 13362 | IceCv    | Identified a ring of protection from cold
 13416 | Lair:4   | Reached XP level 14. HP: 136/136 MP: 13/13
 13424 | Lair:4   | Reached skill level 16 in Fighting
 13723 | Lair:4   | Found the ring of the Mage {Wiz Archmagi}
 13739 | Lair:4   | HP: 29/137 [swamp worm (12)]
 13929 | Lair:4   | Identified a ring of protection from fire
 14216 | Lair:5   | Entered Level 5 of the Lair of Beasts
 14317 | Lair:5   | Found a dark tunnel.
 14322 | Volcano  | Entered a volcano
 14558 | Volcano  | Reached skill level 14 in Armour
 14649 | Volcano  | Identified a potion of ambrosia
 14650 | Volcano  | Identified a potion of brilliance
 14652 | Volcano  | Identified a scroll of brand weapon
 14653 | Volcano  | Identified a scroll of silence
 14781 | Lair:5   | Reached ****** piety under Trog
 14868 | Lair:5   | Received a gift from Trog
 14880 | Lair:5   | Found a staircase to the Slime Pits.
 14880 | Lair:5   | Found a viscous altar of Jiyva.
 15036 | Lair:5   | Reached skill level 17 in Fighting
 15245 | Lair:5   | Reached skill level 15 in Armour
 15305 | Lair:5   | Found a corrupted altar of Lugonu.
 15305 | Lair:5   | Found a one-way gate to the infinite horrors of the Abyss.
 15434 | Lair:5   | Identified the +8 arbalest of Nelyin {drain, Dex+5}
 15607 | Lair:5   | Identified a ring of ice
 15993 | D:12     | Noticed Azrael
 16013 | D:12     | Killed Azrael
 16113 | D:12     | Identified the +1 pair of gloves "Qorowy" {rElec}
 16308 | D:12     | Found a staircase to the Orcish Mines.
 16320 | D:12     | Received a gift from Trog
 16680 | D:12     | Noticed Jorgrun
 16689 | D:12     | Killed Jorgrun
 16804 | D:13     | Found Tekupn's Distillery.
 16807 | D:13     | Bought a potion of heal wounds for 65 gold pieces
 17055 | D:13     | Reached skill level 18 in Fighting
 17218 | D:13     | Reached XP level 15. HP: 146/149 MP: 14/14
 17623 | D:14     | Identified a ring of flight
 17709 | D:14     | Reached skill level 9 in Evocations
 17776 | D:14     | Found a gate to the Vaults.
 18162 | D:14     | Reached skill level 16 in Armour
 18234 | D:15     | Entered Level 15 of the Dungeon
 18298 | D:15     | Found a staircase to the Depths.
 18332 | D:15     | Reached skill level 3 in Dodging
 18355 | D:15     | Noticed Kirke
 18372 | D:15     | Killed Kirke
 18393 | D:15     | Reached skill level 6 in Shields
 18445 | D:15     | Reached skill level 4 in Dodging
 18471 | D:15     | Identified a scroll of amnesia
 18615 | D:15     | Noticed Josephine
 18626 | D:15     | Killed Josephine
 18635 | D:15     | Reached skill level 7 in Shields
 18648 | D:15     | Found Jonne's Weapon Shoppe.
 19005 | D:11     | You paid a toll of +3 gold dragon scales to enter a
                  | treasure trove
 19006 | Trove    | Entered a treasure trove
 19038 | Trove    | Identified the +0 steam dragon scales of the Vaults {Regen+
                  | Dex+3}
 19039 | Trove    | Identified the +5 chain mail of the Constellations {Harm
                  | Drain rN+ Will+}
 19040 | Trove    | Identified the +5 ring mail "Zanat" {Str+3}
 19064 | Trove    | Identified the amulet "Ussywu" {RegenMP Int+3}
 19067 | Trove    | Identified the amulet "Suiti" {Reflect rF+ Str+3 SH+5}
 19069 | Trove    | Identified the amulet of Kioneir {Spirit Harm Str+5}
 19198 | Orc:1    | Entered Level 1 of the Orcish Mines
 19206 | Orc:1    | Gained mutation: You sometimes lose your temper in combat.
                  | [a neqoxec]
 19213 | Orc:1    | Reached skill level 5 in Dodging
 19747 | Orc:1    | You are sucked into a shaft and drop 1 floor!
 19747 | Orc:2    | Entered Level 2 of the Orcish Mines
 19755 | Orc:2    | Received a gift from Trog
 19769 | Orc:2    | Found Qunuchoz's Distillery.
 19982 | Orc:1    | Reached skill level 8 in Shields
 20017 | Orc:1    | Reached skill level 6 in Dodging
 20173 | Orc:2    | Found Asunleq's Weapon Emporium.
 20311 | Orc:2    | Found Vomea's Distillery.
 20400 | Orc:2    | Found Suecoxt's Assorted Antiques.
 20556 | Orc:2    | Found a staircase to the Elven Halls.
 20697 | Orc:2    | Reached skill level 7 in Dodging
 20704 | Orc:2    | Reached skill level 9 in Shields
 20704 | Orc:2    | Found Vatac's Antique Armour Shop.
 20704 | Orc:2    | Found Jeurrirotao's Assorted Antiques.
 20725 | Orc:2    | Found Otraule's Magic Scroll Shoppe.
 20725 | Orc:2    | Found Cuwet's Assorted Antiques.
 21352 | D:4      | Bought the +1 pearl dragon scales "Siczun" {rN+ Int+5
                  | Slay+3} for 1602 gold pieces
 21557 | Swamp:1  | Entered Level 1 of the Swamp
 21578 | Swamp:1  | Received a gift from Trog
 21975 | Swamp:1  | Reached skill level 8 in Dodging
 21975 | Swamp:1  | Reached XP level 16. HP: 159/159 MP: 15/15
 21980 | Swamp:1  | Reached skill level 19 in Fighting
 21987 | Swamp:1  | Reached skill level 10 in Shields
 22694 | Swamp:2  | Reached skill level 9 in Dodging
 23210 | Swamp:3  | Identified a potion of berserk rage
 23245 | Swamp:3  | Noticed Bai Suzhen
 23259 | Swamp:3  | Killed Bai Suzhen
 23260 | Swamp:3  | Reached skill level 11 in Shields
 23297 | Swamp:3  | Identified the +5 falchion of Overwhelming Force {freeze,
                  | rC+}
 23315 | Swamp:3  | Noticed Donald
 23328 | Swamp:3  | Killed Donald
 23481 | Swamp:3  | Received a gift from Trog
 23641 | Swamp:3  | Identified a +4 ring of slaying
 24050 | Swamp:4  | Entered Level 4 of the Swamp
 24097 | Swamp:4  | Reached skill level 10 in Dodging
 24344 | Swamp:4  | Reached skill level 12 in Shields
 24592 | Swamp:4  | Reached skill level 11 in Dodging
 24718 | Swamp:4  | Noticed a thorn hunter
 24735 | Swamp:4  | Killed a thorn hunter
 24850 | Swamp:4  | Received a gift from Trog
 25125 | Swamp:4  | Reached skill level 20 in Fighting
 25125 | Swamp:4  | Reached skill level 12 in Dodging
 25362 | Swamp:4  | HP: 40/163 [poisoned by a swamp drake (noxious blast)]
 25367 | Swamp:4  | HP: 36/163 [poisoned by a swamp drake (noxious blast)]
 25744 | Swamp:4  | Reached XP level 17. HP: 161/170 MP: 16/16
 25754 | Swamp:4  | Paralysed by a hornet for 2 turns
 25766 | Swamp:4  | Got a decaying rune of Zot
 25911 | Spider:1 | Entered Level 1 of the Spider Nest
 27061 | Spider:2 | Reached skill level 21 in Fighting
 27175 | Spider:2 | Noticed an entropy weaver
 27181 | Spider:2 | Killed an entropy weaver
 27501 | Spider:2 | Identified the +6 quarterstaff of the Gnat {freeze, rN+
                  | Dex+2 Stlth+}
 27699 | Spider:2 | Reached skill level 22 in Fighting
 27956 | Spider:3 | Noticed Arachne
 27967 | Spider:3 | Killed Arachne
 28142 | Spider:3 | Noticed Mara
 28159 | Spider:3 | Killed Mara
 28234 | Spider:3 | Noticed Agnes
 28246 | Spider:3 | Killed Agnes
 28246 | Spider:3 | Received a gift from Trog
 28294 | Spider:3 | Acquired 1028 gold pieces
 28667 | Spider:3 | Reached skill level 23 in Fighting
 28776 | Spider:3 | Noticed an entropy weaver
 28784 | Spider:3 | Killed an entropy weaver
 28970 | Spider:4 | Entered Level 4 of the Spider Nest
 29097 | Spider:4 | Received a gift from Trog
 29627 | Spider:4 | Reached skill level 24 in Fighting
 29746 | Spider:4 | Reached XP level 18. HP: 181/190 MP: 5/17
 30311 | Spider:4 | Received a gift from Trog
 30391 | Spider:4 | Got a gossamer rune of Zot
 30404 | Spider:4 | Lost mutation: You sometimes lose your temper in combat.
                  | [potion of mutation]
 30404 | Spider:4 | Lost mutation: You have sharp toenails. [potion of
                  | mutation]
 30404 | Spider:4 | Lost mutation: You expend magic power (3 MP) to strengthen
                  | your wands. [potion of mutation]
 30404 | Spider:4 | Gained mutation: You are partially covered in iridescent
                  | scales. (AC +2) [potion of mutation]
 30404 | Spider:4 | Gained mutation: You are strong-willed. (Will+) [potion of
                  | mutation]
 30884 | Vaults:1 | Entered Level 1 of the Vaults
 30909 | Vaults:1 | Reached skill level 17 in Armour
 31173 | Vaults:1 | Identified a scroll of summoning
 31292 | Vaults:1 | Found a transporter.
 31296 | Vaults:1 | Found a transporter.
 31303 | Vaults:1 | Noticed a profane servitor
 31324 | Vaults:1 | Killed a profane servitor
 31325 | Vaults:1 | Reached skill level 25 in Fighting
 31341 | Vaults:1 | Noticed Fypuno Aqar's ghost (adept DEFE)
 31725 | Vaults:1 | Found Meana's General Store.
 31816 | Vaults:1 | Reached skill level 18 in Armour
 31938 | Vaults:1 | Found Ceng's Antique Armour Boutique.
 32148 | Vaults:1 | Received a gift from Trog
 32285 | Vaults:1 | Found Zarifry's General Store.
 32399 | Vaults:1 | Reached XP level 19. HP: 111/203 MP: 6/18
 32945 | D:5      | Bought a +7 ring of slaying for 2416 gold pieces
 33139 | Orc:2    | Bought a scorched silver ring for 115 gold pieces
 33139 | Orc:2    | Identified the ring of Wunen {Drain Will+++ EV+5 Int+5
                  | Slay-4} (You bought it in a shop on level 2 of the Orcish
                  | Mines)
 33354 | Vaults:1 | Reached skill level 19 in Armour
 33360 | Vaults:1 | Killed Fypuno Aqar's ghost
 33499 | Vaults:2 | Received a gift from Trog
 33512 | Vaults:2 | Reached skill level 26 in Fighting
 33833 | Vaults:2 | Found a staircase to the Crypt.
 34027 | Vaults:2 | Identified an amulet of faith
 34333 | Vaults:2 | Reached skill level 20 in Armour
 34429 | Vaults:2 | Found Xeat's Weapon Boutique.
 34604 | Vaults:2 | Noticed Aizul
 34607 | Vaults:2 | Noticed an entropy weaver
 34618 | Vaults:2 | Killed an entropy weaver
 34622 | Vaults:2 | Killed Aizul
 34906 | Vaults:3 | Received a gift from Trog
 35068 | Vaults:3 | Found Xeany's Armour Shop.
 35316 | Vaults:3 | Found Munavol's Antique Armour Boutique.
 35324 | Vaults:3 | Bought a pair of ichor-stained gloves for 332 gold pieces
 35324 | Vaults:3 | Identified the +1 pair of gloves of Undesirable Species
                  | {Harm *Corrode Int+5} (You bought it in a shop on level 3
                  | of the Vaults)
 35533 | Vaults:3 | Reached skill level 27 in Fighting
 35588 | Vaults:3 | Reached skill level 13 in Shields
 35658 | Vaults:3 | Reached skill level 13 in Dodging
 35673 | Vaults:3 | HP: 43/207 [crystal guardian/crystal bolt[a peacekeeper]
                  | (46)]
 35679 | Vaults:3 | HP: 44/207 [crystal guardian/crystal bolt[a peacekeeper]
                  | (8)]
 35684 | Vaults:3 | Reached XP level 20. HP: 52/216 MP: 6/19
 35877 | Vaults:3 | Received a gift from Trog
 36007 | Vaults:3 | Noticed an entropy weaver
 36015 | Vaults:3 | Killed an entropy weaver
 36476 | Vaults:4 | Reached skill level 14 in Shields
 36647 | Vaults:4 | Reached skill level 10 in Evocations
 36720 | Vaults:4 | Identified the +9 battleaxe of Evil {heavy, *Noise rF++ rN+
                  | rCorr} (Trog gifted it to you on level 4 of the Vaults)
 36720 | Vaults:4 | Received a gift from Trog
 36739 | Vaults:4 | Found Keol's Weapon Shop.
 36799 | Vaults:4 | Reached skill level 14 in Dodging
 36993 | Vaults:4 | Found Redigraesy's Book Shop.
 37051 | Vaults:4 | Identified a +5 ring of evasion
 37365 | Vaults:4 | Reached skill level 11 in Evocations
 37371 | Vaults:4 | Received a gift from Trog
 37828 | D:11     | Bought a scroll of acquirement for 1612 gold pieces
 37828 | D:11     | Acquired a manual of Shields
 37934 | Depths:1 | Entered Level 1 of the Depths
 37945 | Depths:1 | Reached skill level 15 in Shields
 37960 | Depths:1 | Noticed the Enchantress
 38034 | Depths:1 | Killed the Enchantress
 38060 | Depths:1 | Reached skill level 16 in Shields
 38467 | Depths:1 | Received a gift from Trog
 38535 | Depths:1 | Reached XP level 21. HP: 215/224 MP: 6/20
 38715 | Depths:1 | Reached skill level 12 in Evocations
 38717 | Depths:1 | Reached skill level 17 in Shields
 38720 | Depths:1 | Reached skill level 15 in Dodging
 38890 | Depths:1 | Noticed Asterion
 38911 | Depths:1 | Killed Asterion
 39057 | Depths:1 | Found a gateway to Hell.
 39072 | Depths:1 | Identified the +0 quarterstaff "Diol" {heavy, Fragile rPois
                  | Int+3}
 39210 | Depths:2 | Found a blossoming altar of Fedhas.
 39247 | Depths:2 | Found a one-way gateway to a ziggurat.
 39325 | Depths:2 | Reached skill level 18 in Shields
 39486 | Depths:2 | Noticed Sojobo
 39498 | Depths:2 | Killed Sojobo
 39650 | Depths:2 | Noticed a caustic shrike
 39660 | Depths:2 | Killed a caustic shrike
 39683 | Depths:2 | Reached skill level 19 in Shields
 39692 | Depths:2 | HP: 33/224 [white very ugly thing (25)]
 40149 | Depths:2 | Found a one-way gate leading to the halls of Pandemonium.
 40672 | Depths:3 | Reached skill level 20 in Shields
 40672 | Depths:3 | Noticed a juggernaut
 40686 | Depths:3 | Killed a juggernaut
 40698 | Depths:3 | Noticed a caustic shrike
 40716 | Depths:3 | Killed a caustic shrike
 40749 | Depths:3 | Identified the +6 war axe of Mitz {flame, rPois rF+ rN+}
                  | (Trog gifted it to you on level 3 of the Depths)
 40749 | Depths:3 | Received a gift from Trog
 40777 | Depths:3 | Identified a ring of see invisible
 40801 | Depths:3 | Reached skill level 16 in Dodging
 40803 | Depths:3 | Noticed Boris
 40813 | Depths:3 | Reached skill level 21 in Shields
 40819 | Depths:3 | Killed Boris
 40819 | Depths:3 | HP: 41/224 [frost giant/bolt of cold (45)]
 41224 | Depths:3 | You fall into a shaft and drop 1 floor!
 41224 | Depths:4 | Entered Level 4 of the Depths
 41294 | Depths:4 | HP: 51/224 [white draconian/blast of cold (23)]
 41301 | Depths:4 | HP: 43/224 [storm dragon/bolt of lightning (12)]
 41329 | Depths:4 | HP: 54/224 [something (7)]
 41336 | Depths:4 | HP: 30/224 [something/bolt of lightning (14)]
 41360 | Depths:4 | HP: 39/224 [death yak[a spriggan berserker] (19)]
 41707 | Depths:4 | Identified an amulet of guardian spirit
 41826 | Depths:3 | Reached skill level 22 in Shields
 42433 | Depths:4 | Received a gift from Trog
 42475 | Depths:4 | Identified the +1 cloak of the Spider Nest {Will+ Str-5
                  | Int+6 SInv}
 42581 | Depths:4 | Reached XP level 22. HP: 233/233 MP: 7/21
 42634 | Depths:4 | Acquired the +3 kite shield of Exclusion {Harm rC+ Str+2
                  | SInv}
 42725 | Depths:4 | Found a gate to the Realm of Zot.
 42733 | Depths:4 | Noticed a golden dragon
 42749 | Depths:4 | Killed a golden dragon
 43291 | Crypt:1  | Entered Level 1 of the Crypt
 43311 | Crypt:1  | Reached skill level 21 in Armour
 43467 | Crypt:1  | Noticed Grunn
 43482 | Crypt:1  | Killed Grunn
 43754 | Crypt:1  | Noticed a curse skull
 43756 | Crypt:1  | Noticed a curse skull
 43760 | Crypt:1  | HP: 54/231 [??? (57)]
 43783 | Crypt:1  | Killed a curse skull
 43786 | Crypt:1  | Killed a curse skull
 44277 | Crypt:1  | Noticed a curse skull
 44279 | Crypt:1  | Noticed a curse skull
 44283 | Crypt:1  | Killed a curse skull
 44283 | Crypt:1  | Received a gift from Trog
 44287 | Crypt:1  | Reached skill level 17 in Dodging
 44294 | Crypt:1  | Killed a curse skull
 44348 | Crypt:1  | Reached skill level 22 in Armour
 44708 | Crypt:2  | Noticed Boris
 44714 | Crypt:2  | Killed Boris
 44777 | Crypt:2  | Noticed a curse skull
 44779 | Crypt:2  | Found a transporter.
 44779 | Crypt:2  | Found a transporter.
 44779 | Crypt:2  | Noticed a curse skull
 45211 | Crypt:2  | Killed a curse skull
 45214 | Crypt:2  | Killed a curse skull
 45217 | Crypt:2  | Received a gift from Trog
 45243 | Crypt:2  | Identified a ring of magical power
 45270 | Crypt:3  | Entered Level 3 of the Crypt
 45318 | Crypt:3  | Noticed a curse skull
 45328 | Crypt:3  | Killed a curse skull
 45419 | Crypt:3  | Found a magical portal.
 45443 | WizLab   | Entered Cigotuvi's Fleshworks
 45473 | WizLab   | Reached skill level 23 in Armour
 45504 | WizLab   | Gained mutation: You have hidden genetic defects.
                  | [mutagenic glow]
 45877 | WizLab   | Lost mutation: You are strong-willed. (Will+) [potion of
                  | mutation]
 45877 | WizLab   | Lost mutation: You are partially covered in iridescent
                  | scales. (AC +2) [potion of mutation]
 45877 | WizLab   | Lost mutation: You have hidden genetic defects. [potion of
                  | mutation]
 45877 | WizLab   | Gained mutation: Your muscles are strong. (Str +4, Int/Dex
                  | -1) [potion of mutation]
 45877 | WizLab   | Gained mutation: You are somewhat resistant to further
                  | mutation. [potion of mutation]
 45899 | WizLab   | Noticed an entropy weaver
 45929 | WizLab   | Noticed an entropy weaver
 45931 | WizLab   | Killed an entropy weaver
 46164 | WizLab   | Paralysed by a floating eye for 2 turns
 46172 | WizLab   | Paralysed by a floating eye for 3 turns
 46177 | WizLab   | Reached skill level 18 in Dodging
 46200 | WizLab   | Found the -2 hat of the Alchemist {rElec rPois rF+ rC+ rN+
                  | Will+ rMut rCorr}
 46445 | Crypt:3  | Noticed a curse skull
 46452 | Crypt:3  | Killed a curse skull
 46475 | Crypt:3  | Reached XP level 23. HP: 240/240 MP: 7/22
 46475 | Crypt:3  | Noticed a curse toe
 46488 | Crypt:3  | Noticed Jory
 46498 | Crypt:3  | Killed a curse toe
 46510 | Crypt:3  | Killed Jory
 46833 | Crypt:3  | Found a staircase to the Tomb.
 46972 | Crypt:3  | Noticed an ancient lich
 46972 | Crypt:3  | Noticed a dread lich
 46972 | Crypt:3  | Noticed a dread lich
 46972 | Crypt:3  | Noticed an ancient lich
 46998 | Crypt:3  | Identified a ring of resist corrosion
 47013 | Crypt:3  | Killed an ancient lich
 47016 | Crypt:3  | Killed an ancient lich
 47016 | Crypt:3  | Killed a dread lich
 47017 | Crypt:3  | Reached skill level 24 in Armour
 47021 | Crypt:3  | Killed a dread lich
 47410 | Vaults:5 | Entered Level 5 of the Vaults
 47507 | Vaults:5 | Received a gift from Trog
 47801 | Vaults:5 | Identified a +6 ring of strength
 47814 | Vaults:5 | Reached skill level 25 in Armour
 47815 | Vaults:5 | Reached skill level 19 in Dodging
 47879 | Vaults:5 | Received a gift from Trog
 47991 | Vaults:5 | Identified a +4 ring of protection
 48324 | Vaults:5 | Reached skill level 26 in Armour
 48579 | Vaults:5 | Noticed a dread lich
 48590 | Vaults:5 | Killed a dread lich
 48891 | Vaults:5 | Got a silver rune of Zot
 48892 | Vaults:5 | Identified the +1 ring mail "Wacuh" {Int+2}
 49048 | Vaults:5 | Identified the +1 chain mail of Verdant Amelioration
                  | {Contam Str+5}
 49633 | Zot:1    | Entered Level 1 of the Realm of Zot
 49641 | Zot:1    | Reached XP level 24. HP: 236/249 MP: 7/22
 49649 | Zot:1    | Noticed an electric golem
 49658 | Zot:1    | Killed an electric golem
 49679 | Zot:1    | Found a huge runed gate.
 49679 | Zot:1    | Found a huge runed gate.
 49679 | Zot:1    | Found a huge runed gate.
 49679 | Zot:1    | Found a huge runed gate.
 49679 | Zot:1    | Found a huge runed gate.
 49679 | Zot:1    | Found a huge runed gate.
 49683 | Zot:1    | Found a huge runed gate.
 49683 | Zot:1    | Found a huge runed gate.
 49685 | Zot:1    | Found a huge runed gate.
 49685 | Zot:1    | Found a huge runed gate.
 49690 | Zot:1    | Found a huge runed gate.
 49690 | Zot:1    | Found a huge runed gate.
 49690 | Zot:1    | Found a huge runed gate.
 49691 | Zot:1    | Found a huge runed gate.
 49692 | Zot:1    | Found a huge runed gate.
 49711 | Zot:1    | Reached skill level 20 in Dodging
 49711 | Zot:1    | Noticed an electric golem
 49720 | Zot:1    | Killed an electric golem
 49725 | Zot:1    | Received a gift from Trog
 49741 | Zot:1    | You fall into a shaft and drop 1 floor!
 49809 | Zot:2    | Found Ditsaew's CLEARANCE SALE!.
 49820 | Zot:2    | Bought a scroll of acquirement for 416 gold pieces
 49820 | Zot:2    | Acquired 952 gold pieces
 49852 | Zot:2    | Reached skill level 27 in Armour
 50337 | Zot:2    | Noticed an orb of fire
 50346 | Zot:2    | Killed an orb of fire
 50412 | Zot:2    | Identified an amulet of the acrobat
 50634 | Zot:2    | Identified the +3 chain mail "Evuklucu" {+Blink Int+2 SInv
                  | Stlth+}
 50777 | Zot:2    | Reached skill level 21 in Dodging
 51003 | Zot:3    | Found a transporter.
 51356 | Zot:3    | Noticed an electric golem
 51363 | Zot:3    | Killed an electric golem
 51469 | Zot:3    | Found a transporter.
 51765 | Zot:3    | Noticed a curse toe
 51766 | Zot:3    | Noticed an orb of fire
 51781 | Zot:3    | Killed an orb of fire
 51787 | Zot:3    | Killed a curse toe
 51809 | Zot:3    | Identified the ring "Fesio" {rPois Will- AC+4 Str+6 Dex+4}
 51822 | Zot:3    | Identified the amulet of Elapraf {Drain Will++ Regen+}
 51901 | Zot:4    | Received a gift from Trog
 51910 | Zot:4    | Reached skill level 22 in Dodging
 52664 | Zot:4    | Noticed a curse toe
 52672 | Zot:4    | Killed a curse toe
 52699 | Zot:4    | Reached skill level 23 in Shields
 52866 | Zot:5    | Entered Level 5 of the Realm of Zot
 52890 | Zot:5    | Found a runed translucent door.
 52890 | Zot:5    | Noticed jt's ghost (legendary AtWr)
 52915 | Zot:5    | Killed jt's ghost
 52929 | Zot:5    | Identified the +0 hat of the Writhing Gods {-Cast rC+
                  | rCorr}
 53011 | Zot:5    | Noticed an electric golem
 53015 | Zot:5    | Killed an electric golem
 53104 | Zot:5    | Reached XP level 25. HP: 257/257 MP: 4/22
 53209 | Zot:5    | Noticed an ancient lich
 53213 | Zot:5    | Killed an ancient lich
 53215 | Zot:5    | Noticed an ancient lich
 53222 | Zot:5    | Killed an ancient lich
 53225 | Zot:5    | Reached skill level 23 in Dodging
 53295 | Zot:5    | Noticed a Killer Klown
 53295 | Zot:5    | Noticed a dread lich
 53298 | Zot:5    | Noticed an electric golem
 53307 | Zot:5    | a Killer Klown changed into a golden dragon
 53308 | Zot:5    | Noticed a Killer Klown
 53310 | Zot:5    | Noticed an orb of fire
 53311 | Zot:5    | Killed a dread lich
 53312 | Zot:5    | Reached skill level 24 in Shields
 53322 | Zot:5    | Killed an orb of fire
 53323 | Zot:5    | Killed an electric golem
 53333 | Zot:5    | Noticed an electric golem
 53343 | Zot:5    | Killed an electric golem
 53356 | Zot:5    | Received a gift from Trog
 53618 | Zot:5    | Killed a Killer Klown
 53752 | Zot:5    | Noticed a curse toe
 53752 | Zot:5    | Noticed a dread lich
 53753 | Zot:5    | Noticed an electric golem
 53753 | Zot:5    | Noticed a Killer Klown
 53754 | Zot:5    | Noticed a Killer Klown
 53754 | Zot:5    | Noticed a Killer Klown
 53754 | Zot:5    | Noticed an orb of fire
 53754 | Zot:5    | Noticed an orb of fire
 53762 | Zot:5    | Noticed an orb of fire
 53774 | Zot:5    | Killed a Killer Klown
 53776 | Zot:5    | Killed an orb of fire
 53777 | Zot:5    | Killed a dread lich
 53912 | Zot:5    | Killed a Killer Klown
 53924 | Zot:5    | Killed an orb of fire
 54006 | Zot:5    | Killed a curse toe
 54007 | Zot:5    | Reached skill level 24 in Dodging
 54007 | Zot:5    | Reached skill level 25 in Shields
 54007 | Zot:5    | Killed a Killer Klown
 54036 | Zot:5    | Killed an electric golem
 54115 | Zot:5    | Killed an orb of fire
 54435 | Zot:5    | Got the Orb of Zot
 54504 | Zot:3    | Noticed Senn the pandemonium lord
 54541 | Zot:1    | Noticed a Tzitzimitl
 54550 | Zot:1    | Killed a Tzitzimitl
 54751 | D:12     | Identified +0 pearl dragon scales
 54751 | D:12     | Noticed a seraph
 54943 | D:$      | Escaped with the Orb!

Vanquished Creatures
  5 dread liches
  4 ancient liches
  6 orbs of fire
  The ghost of jt the Armataur Barricade, a legendary AtWr of Ru (Zot:5)
  Mara (Spider:3)
  A juggernaut (Depths:3)
  Boris (twice) (Depths:3 Crypt:2)
  Sojobo (Depths:2)
  Bai Suzhen (Swamp:3)
  4 Killer Klowns (Zot:5)
  2 caustic shrikes
  6 golden dragons
  4 curse toes
  Jory (Crypt:3)
  the Enchantress (Depths:1)
  A mutant beast (WizLab)
  2 profane servitors
  2 bone dragons
  Arachne (Spider:3)
  2 doom hounds (Crypt:1)
  A Tzitzimitl (Zot:1)
  3 hellephants (Depths:4)
  7 electric golems
  20 tentacled monstrosities
  Jorgrun (D:12)
  25 Orb Guardians (Zot:5)
  A walking crystal tome (Depths:3)
  Grunn (Crypt:1)
  A walking divine tome (Depths:3)
  Asterion (Depths:1)
  6 titans
  3 liches
  6 quicksilver dragons
  5 ancient champions
  A thorn hunter (Swamp:4)
  3 sphinxes
  6 death cobs
  Gastronok (Lair:3)
  A tentacled starspawn (Vaults:1)
  10 storm dragons
  9 tengu reavers
  Kirke (D:15)
  Agnes (Spider:3)
  4 shadow dragons
  Donald (Swamp:3)
  2 draconian knights
  7 fire giants
  2 draconian monks
  2 deep elf sorcerers (Vaults:5)
  2 emperor scorpions (Spider:4)
  9 frost giants
  Aizul (Vaults:2)
  17 vault wardens
  8 curse skulls
  A draconian stormcaller (Zot:2)
  A draconian scorcher (Zot:5)
  6 ghost moths
  3 iron dragons (Depths:3)
  5 spectral caustic shrikes (Depths:2)
  The ghost of Fypuno Aqar the Pyromancer, an adept DEFE of Elyvilon (Vaults:1)
  4 draconian shifters
  4 orc warlords
  5 ghouls
  12 ironbound preservers
  2 war gargoyles (Vaults:5)
  5 ironbound thunderhulks
  A caustic shrike skeleton (Crypt:3)
  31 very ugly things
  4 draconian annihilators
  9 stone giants
  3 vampire knights
  3 spriggan defenders (Depths:1)
  7 eleionomae
  2 deep elf demonologists
  7 green draconians
  4 dire elephants (Vaults:1)
  7 black draconians
  4 bunyips
  A lorocyproca (D:8)
  3 spark wasps (Spider:4)
  2 deep elf annihilators (Vaults:5)
  Azrael (D:12)
  5 purple draconians
  A minotaur (Gauntlet)
  14 red draconians
  8 yellow draconians
  10 white draconians
  7 eidola
  11 ettins
  3 deep elf death magi
  A spriggan zombie (Crypt:1)
  Josephine (D:15)
  3 shambling mangroves
  A deep elf high priest (Depths:4)
  5 jiangshi
  2 fire dragons
  19 yaktaur captains
  An entropy weaver (shapeshifter) (WizLab)
  4 entropy weavers
  A merfolk javelineer (Depths:1)
  8 great orbs of eyes
  3 rakshasas
  5 ice dragons
  21 hydras
  32 vault guards
  Harold (D:9)
  3 spriggan air magi
  13 ironbound frosthearts
  9 centaur warriors
  2 radroaches
  The ghost of etoheto the Cleaver, a novice MiBe of Trog (D:9)
  4 ogre magi
  2 peacekeepers
  Erica (Lair:1)
  A spriggan skeleton (Crypt:3)
  4 jorogumos
  A ghost crab (Spider:2)
  8 two-headed ogres
  7 boulder beetles
  6 death scarabs (Spider:4)
  4 alligators
  9 deep troll earth magi
  11 vampire magi
  4 death yaks (Lair:4)
  7 hell hogs (Depths:4)
  2 death knights (Crypt:1)
  The ghost of pedritolo the Skirmisher, a journeyman DEHu of Uskayaw (Lair:1)
  2 two-headed ogres (shapeshifter) (Vaults:5)
  3 deep troll shamans
  5 orc high priests
  4 tengu warriors
  3 thrashing horrors (Lair:5)
  Urug (Lair:1)
  5 spriggan berserkers
  2 soul eaters
  11 hell knights
  4 sixfirhies (Gauntlet)
  A fire crab (Lair:1)
  10 spriggans
  A fire crab (shapeshifter) (Vaults:5)
  13 skeletal warriors
  4 sun moths
  7 goliath frogs
  An anaconda zombie (Crypt:1)
  12 iron trolls
  3 shadow wraiths
  A skyshark (Lair:2)
  8 pharaoh ants
  42 deep trolls
  7 swamp dragons
  6 orb spiders
  3 spriggan druids
  An orb spider (shapeshifter) (Vaults:5)
  4 flayed ghosts
  A death drake (shapeshifter) (WizLab)
  10 bog bodies
  A spark wasp zombie (Crypt:3)
  A spectral jorogumo (Spider:4)
  6 steelbarb worms
  2 broodmother zombies
  2 mana vipers (shapeshifter)
  A steelbarb worm (shapeshifter) (Depths:4)
  A harpy (shapeshifter) (WizLab)
  5 glowing orange brains
  28 ironbound convokers
  13 large abominations
  2 spectral wolf spiders (Spider:4)
  A deep elf pyromancer (D:13)
  5 phantasmal warriors
  11 necromancers
  2 obsidian statues
  16 lindwurms
  12 wizards
  A sphinx zombie (Vaults:4)
  17 orc knights
  A wolf spider zombie (Crypt:3)
  6 cyclopes
  16 wolf spiders
  A shining eye (Gauntlet)
  5 orc sorcerers
  2 manticores (D:13)
  40 ugly things
  4 will-o-the-wisps
  27 moths of wrath
  An ice statue (IceCv)
  A salamander (shapeshifter) (WizLab)
  An apocalypse crab (Vaults:1)
  A naga zombie (Crypt:1)
  5 black mambas
  A moth of wrath (shapeshifter) (Vaults:4)
  An elephant (shapeshifter) (WizLab)
  A guardian serpent (shapeshifter) (WizLab)
  5 demonic crawlers
  3 smoke demons
  A rust devil (Zot:5)
  2 water nymphs (Swamp:4)
  3 molten gargoyles (Volcano)
  6 elephants (Lair:4)
  21 vault sentinels
  2 orange demons (Depths:2)
  A gargoyle (D:12)
  A black mamba (shapeshifter) (WizLab)
  A torpor snail (Spider:2)
  2 spectral redbacks (Spider:4)
  19 cane toads
  A toenail golem (Volcano)
  3 dire elephant skeletons
  3 cane toads (shapeshifter) (WizLab)
  4 kobold demonologists
  3 efreet (D:15)
  2 unseen horrors
  2 rime drakes (Lair:5)
  A catoblepas zombie (Crypt:1)
  A redback zombie (Crypt:1)
  A white draconian zombie (Crypt:3)
  An unseen horror (shapeshifter) (D:15)
  9 komodo dragons
  6 freezing wraiths
  3 ice devils
  45 yaktaurs
  A komodo dragon (shapeshifter) (WizLab)
  A yaktaur zombie (Vaults:4)
  4 tengu conjurers
  An anaconda simulacrum (Crypt:1)
  A bunyip simulacrum (Crypt:3)
  A tormentor (Depths:2)
  An ancient zyme (Lair:5)
  A human skeleton (Vaults:4)
  3 wind drakes (shapeshifter)
  A meliai (shapeshifter) (WizLab)
  7 trolls
  9 hornets
  A polar bear (shapeshifter) (WizLab)
  17 tyrant leeches
  3 tarantellas (shapeshifter) (WizLab)
  A bloated husk (Swamp:2)
  3 spectral culicivoras (Spider:4)
  A troll (shapeshifter) (D:9)
  7 spectral jumping spiders (Spider:4)
  A hornet (shapeshifter) (WizLab)
  A raiju (shapeshifter) (WizLab)
  A hydra skeleton (Crypt:2)
  30 tarantellas
  A tarantella zombie (Spider:4)
  A spectral tarantella (Spider:4)
  An ettin zombie (Crypt:1)
  A culicivora zombie (Spider:4)
  17 blink frogs
  A meliai zombie (Crypt:3)
  29 jumping spiders
  31 slime creatures
  5 flying skulls
  5 shadows
  Sigmund (D:3)
  A dire elephant simulacrum (IceCv)
  22 culicivoras
  2 wyverns
  2 centaur simulacra
  4 culicivoras (shapeshifter) (WizLab)
  2 ettin skeletons
  4 water elementals
  2 ynoxinuls (Lair:5)
  2 fire bats (Lair:1)
  A black mamba skeleton (Crypt:2)
  A vampire (D:10)
  19 yaks
  5 chaos spawn
  4 hogs (D:15)
  A hog (shapeshifter) (D:13)
  11 wraiths
  An elf simulacrum (Vaults:4)
  5 fire elementals
  A human (Lair:2)
  2 basilisks (Lair:5)
  27 vampire mosquitoes
  A steam dragon (Lair:4)
  3 death yak simulacra (IceCv)
  An iron golem (WizLab)
  2 neqoxecs
  Menkaure (D:7)
  A harpy simulacrum (IceCv)
  37 redbacks
  8 swamp worms
  4 wargs (Orc:1)
  An entropy weaver zombie (Crypt:1)
  15 small abominations
  5 floating eyes
  A glowing shapeshifter skeleton (Crypt:1)
  9 water moccasins
  5 hell hounds
  3 naga skeletons
  A hydra simulacrum (IceCv)
  3 black bears
  2 ice beasts (D:8)
  8 swamp drakes
  2 ettin simulacra (Vaults:4)
  An ice beast (shapeshifter) (Lair:5)
  41 orc warriors
  A sky beast (D:6)
  19 ogres
  A black bear (shapeshifter) (WizLab)
  7 boggarts
  3 centaurs
  11 wolves
  A dream sheep skeleton (Crypt:2)
  A rime drake zombie (Crypt:2)
  A phantom (D:3)
  7 kobold brigands
  Blork the orc (D:4)
  8 bullfrogs
  6 scorpions
  5 gnoll sergeants
  2 necrophages
  An earth elemental (Volcano)
  A draconian skeleton (Crypt:2)
  3 cane toad simulacra (IceCv)
  6 two-headed ogre simulacra (IceCv)
  10 wights
  The ghost of RatherSlowDeath the Ruffian, a weakling NaTm of Ru (D:3)
  A polar bear zombie (Crypt:1)
  A shapeshifter zombie (Crypt:3)
  22 killer bees
  2 electric eels
  A howler monkey (D:9)
  A wolf zombie (Crypt:1)
  12 hounds
  2 lava snakes (D:12)
  4 jellies
  20 orc priests
  Crazy Yiuf (D:6)
  A gnoll bouda (Orc:2)
  7 starcursed masses (Vaults:1)
  Jessica (D:2)
  An iguana (D:6)
  Terence (D:3)
  19 orc wizards
  7 spriggan simulacra (IceCv)
  5 troll simulacra (IceCv)
  4 polar bear simulacra (IceCv)
  2 wolf simulacra (IceCv)
  An ogre zombie (Crypt:3)
  An acid dragon skeleton (Crypt:3)
  2 hound skeletons (Crypt:1)
  A howler monkey skeleton (Crypt:3)
  20 gnolls
  4 adders
  4 naga simulacra
  6 white imps
  6 ufetubi
  An adder zombie (Crypt:3)
  4 worms
  2 dart slugs
  81 orcs
  9 endoplasms
  6 giant cockroaches
  5 goblins
  11 hobgoblins
  4 jackals (D:1)
  26 kobolds
  6 quokkas
  5 ball pythons
  10 bats
  3 frilled lizards
  A frilled lizard zombie (Crypt:3)
  A gnoll skeleton (Crypt:1)
  4 rats
  A rat skeleton (Crypt:2)
  A spectral orc (D:6)
2091 creatures vanquished.

Vanquished Creatures (collateral kills)
  A death cob (Zot:5)
  A tengu reaver (Vaults:4)
  A frost giant (Depths:1)
  A vault warden (Vaults:3)
  A war gargoyle (Vaults:4)
  An ironbound thunderhulk (Vaults:1)
  A reaper (Lair:2)
  A deep elf demonologist (Vaults:1)
  A white draconian (Depths:4)
  A yellow draconian (Depths:4)
  A crystal guardian (Vaults:3)
  3 deep troll earth magi (Depths:1)
  A hell knight (Depths:4)
  A skeletal warrior (Crypt:2)
  A flayed ghost (Crypt:2)
  An orange crystal statue (Crypt:2)
  2 deep trolls (Depths:1)
  An ironbound convoker (Vaults:4)
  A necromancer (Depths:4)
  3 ugly things (Vaults:3)
  A freezing wraith (Crypt:1)
  A spriggan (Depths:1)
  A vampire (D:9)
  2 orc warriors (Orc:1)
  A starcursed mass (Vaults:1)
  An orc (Orc:1)
  A quokka zombie (Crypt:2)
33 creatures vanquished.

Vanquished Creatures (others)
  A draconian knight (Depths:4)
  A radroach (Spider:3)
  A molten gargoyle (Volcano)
  2 bloated husks
  3 briar patches (Swamp:4)
  A fire vortex (Volcano)
  20 foxfires
  15 fungi
  20 plants
  2 starspawn tentacles (Vaults:1)
66 creatures vanquished.

Grand Total: 2190 creatures vanquished

Table legend: (Time is in decaauts)
 A = Elapsed time spent in this place.
 B = Non-inter-level travel time spent in this place.
 C = Inter-level travel time spent in this place.
 D = Time resting spent in this place.
 E = Time spent auto-exploring this place.
 F = Levels seen in this place.
 G = Mean time per level.
                   A        B        C        D        E       F      G
               +--------+--------+--------+--------+--------+-----+--------+
         Total |  54355 |  49192 |   5163 |  12557 |  25956 |  52 | 1045.3 |
       Dungeon |  14994 |  12185 |   2809 |   1372 |   8607 |  15 |  999.6 |
          Lair |   4448 |   4075 |    373 |    303 |   2614 |   5 |  889.6 |
         Swamp |   4400 |   4253 |    147 |   2157 |   1449 |   4 | 1100.0 |
   Spider Nest |   4845 |   4598 |    247 |   1523 |   2107 |   4 | 1211.2 |
  Orcish Mines |   2055 |   1845 |    210 |    670 |    893 |   2 | 1027.5 |
        Vaults |   8341 |   7709 |    632 |   2388 |   3689 |   5 | 1668.2 |
         Crypt |   2952 |   2826 |    126 |    635 |   1464 |   3 |  984.0 |
        Depths |   4980 |   4653 |    327 |   1594 |   2081 |   4 | 1245.0 |
           Zot |   4753 |   4463 |    290 |   1205 |   2202 |   5 |  950.6 |
         Trove |    128 |    128 |      0 |      0 |     51 |   1 |  128.0 |
      Ice Cave |    582 |    582 |      0 |     99 |    319 |   1 |  582.0 |
       Volcano |    338 |    338 |      0 |    214 |     19 |   1 |  338.0 |
        Wizlab |    922 |    922 |      0 |    341 |    266 |   1 |  922.0 |
      Gauntlet |    612 |    612 |      0 |     53 |    192 |   1 |  612.0 |
               +--------+--------+--------+--------+--------+-----+--------+

Top non-repeatable levels by time:
Vaults:1: 2121 daAuts
Vaults:5: 1920 daAuts
    D:12: 1666 daAuts
Vaults:3: 1574 daAuts
Spider:4: 1571 daAuts
   Zot:5: 1549 daAuts
Depths:2: 1482 daAuts
Vaults:2: 1454 daAuts
 Swamp:4: 1429 daAuts
     D:7: 1323 daAuts
 Swamp:3: 1317 daAuts
 Crypt:1: 1286 daAuts
Vaults:4: 1270 daAuts
Depths:3: 1249 daAuts
    D:14: 1249 daAuts

Table legend:
 A = Kills in this place as a percentage of kills in entire the game.
 B = Kills by you in this place as a percentage of kills by you in the entire game.
 C = Kills by friends in this place as a percentage of kills by friends in the entire game.
 D = Other kills in this place as a percentage of other kills in the entire game.
 E = Experience gained in this place as a percentage of experience gained in the entire game.
 F = Experience gained in this place divided by the number of levels of this place that you have seen.
                   A       B       C       D       E      F
               +-------+-------+-------+-------+-------+----------------------
         Total | 100.0 | 100.0 | 100.0 | 100.0 | 100.0 | 24445.5
       Dungeon |  17.6 |  17.9 |   3.0 |   0.0 |   4.8 | 4046.1
          Lair |   8.2 |   8.3 |   3.0 |   0.0 |   4.0 | 10281.2
         Swamp |   5.8 |   5.9 |   0.0 |  25.0 |   5.7 | 18185.8
   Spider Nest |  10.6 |  10.7 |   0.0 |  25.0 |   7.7 | 24437.0
  Orcish Mines |   5.9 |   5.9 |   9.1 |   0.0 |   1.7 | 10852.0
        Vaults |  21.8 |  21.6 |  33.3 |   0.0 |  26.9 | 68455.4
         Crypt |   7.0 |   6.9 |  15.2 |   0.0 |   9.8 | 41396.7
        Depths |   8.6 |   8.1 |  33.3 |  25.0 |  14.0 | 44583.0
           Zot |   8.3 |   8.4 |   3.0 |   0.0 |  22.1 | 56112.8
      Ice Cave |   2.3 |   2.3 |   0.0 |   0.0 |   0.4 | 5089.0
       Volcano |   0.4 |   0.4 |   0.0 |  25.0 |   0.3 | 3473.0
        Wizlab |   2.5 |   2.6 |   0.0 |   0.0 |   1.8 | 23410.0
      Gauntlet |   1.0 |   1.0 |   0.0 |   0.0 |   0.8 | 9541.0
               +-------+-------+-------+-------+-------+----------------------

Table legend:
 A = Non-vault XP
 B = Vault XP
 C = Vault XP percentage of total XP
 D = Non-vault monster count
 E = Vault monster count
 F = Vault count percentage of total count
                 A         B        C        D         E       F
            +---------+---------+-------+---------+---------+-------
      Total |  675945 |  589204 |  46.6 |    1331 |     792 |  37.3
            +---------+---------+-------+---------+---------+-------
        D:1 |      37 |       4 |   9.8 |      20 |       2 |   9.1
        D:2 |      34 |      37 |  52.1 |      15 |       1 |   6.2
        D:3 |     179 |     335 |  65.2 |      17 |       9 |  34.6
        D:4 |     367 |      96 |  20.7 |      24 |       1 |   4.0
        D:5 |     478 |       0 |   0.0 |      15 |       0 |   0.0
        D:6 |     618 |      45 |   6.8 |      11 |       3 |  21.4
        D:7 |     871 |     172 |  16.5 |      18 |       1 |   5.3
        D:8 |    1766 |       0 |   0.0 |      21 |       0 |   0.0
        D:9 |    1460 |    3153 |  68.4 |      27 |       7 |  20.6
       D:10 |    1618 |     657 |  28.9 |      21 |       8 |  27.6
       D:11 |    4218 |       0 |   0.0 |      32 |       0 |   0.0
       D:12 |    4575 |    5533 |  54.7 |      17 |      27 |  61.4
       D:13 |    6007 |       0 |   0.0 |      20 |       0 |   0.0
       D:14 |    5054 |    2645 |  34.4 |      16 |       5 |  23.8
       D:15 |   11256 |    5961 |  34.6 |      22 |      12 |  35.3
     Lair:1 |    4107 |    5192 |  55.8 |      13 |      20 |  60.6
     Lair:2 |    3939 |    2127 |  35.1 |      17 |       6 |  26.1
     Lair:3 |    3421 |    1837 |  34.9 |      11 |       9 |  45.0
     Lair:4 |   12278 |    2108 |  14.7 |      36 |       7 |  16.3
     Lair:5 |    5530 |   10867 |  66.3 |      19 |      36 |  65.5
    Swamp:1 |   14232 |       0 |   0.0 |      26 |       0 |   0.0
    Swamp:2 |    8372 |       0 |   0.0 |      20 |       0 |   0.0
    Swamp:3 |    7134 |    4398 |  38.1 |      12 |       2 |  14.3
    Swamp:4 |   14824 |   23783 |  61.6 |      29 |      35 |  54.7
   Spider:1 |    7055 |       0 |   0.0 |      19 |       0 |   0.0
   Spider:2 |   19114 |    3565 |  15.7 |      55 |      13 |  19.1
   Spider:3 |   13731 |    7715 |  36.0 |      33 |       3 |   8.3
   Spider:4 |   20599 |   25969 |  55.8 |      52 |      50 |  49.0
      Orc:1 |    8373 |    1041 |  11.1 |      52 |       4 |   7.1
      Orc:2 |    3998 |    8292 |  67.5 |      41 |      29 |  41.4
   Vaults:1 |   34741 |   37186 |  51.7 |      59 |      54 |  47.8
   Vaults:2 |   34989 |   11482 |  24.7 |      48 |      21 |  30.4
   Vaults:3 |   37855 |   16499 |  30.4 |      58 |      24 |  29.3
   Vaults:4 |   32622 |   24255 |  42.6 |      51 |      34 |  40.0
   Vaults:5 |   21195 |   91453 |  81.2 |      30 |      84 |  73.7
    Crypt:1 |   33566 |    9910 |  22.8 |      52 |      10 |  16.1
    Crypt:2 |   20140 |    8945 |  30.8 |      35 |       9 |  20.5
    Crypt:3 |   20043 |   31586 |  61.2 |      32 |      11 |  25.6
   Depths:1 |   35368 |   11045 |  23.8 |      46 |      12 |  20.7
   Depths:2 |   25397 |   17542 |  40.9 |      28 |      15 |  34.9
   Depths:3 |   28466 |   15347 |  35.0 |      28 |       9 |  24.3
   Depths:4 |    9772 |   35395 |  78.4 |      10 |      34 |  77.3
      Zot:1 |   16777 |    3647 |  17.9 |      11 |       2 |  15.4
      Zot:2 |   40224 |       0 |   0.0 |      32 |       0 |   0.0
      Zot:3 |   25764 |   12098 |  32.0 |      21 |       7 |  25.0
      Zot:4 |   42529 |       0 |   0.0 |      35 |       0 |   0.0
      Zot:5 |   31252 |  105769 |  77.2 |      24 |      43 |  64.2
      IceCv |       0 |    5089 | 100.0 |       0 |      49 | 100.0
    Volcano |       0 |    3473 | 100.0 |       0 |       9 | 100.0
     WizLab |       0 |   23410 | 100.0 |       0 |      54 | 100.0
   Gauntlet |       0 |    9541 | 100.0 |       0 |      21 | 100.0
            +---------+---------+-------+---------+---------+-------
